Map: Sanctuary III LE

Players

Kalag

  • Race: Terran Terran
  • Spawn Location: 1:00

dawderu - Winner!

  • Race: Terran Terran
  • League: Master
  • Spawn Location: 7:00

VOD

Have the link to the VOD?

Description

Time

  • Played on: July 20, 2026, 10:05 a.m.
  • Length: 15:47
Show
View Real Time Build Order
Export as new Build Order

Kalag Terran 

Build Orders: Mech 

Get SALT Encoding   

  8  0:00  SCV  
  9  0:12  SCV  
  10  0:24  SCV  
  11  0:34  Supply Depot  
  11  0:37  SCV  
  12  0:49  SCV  
  13  0:57  Barracks  
  13  1:01  Refinery  
  13  1:06  SCV  
  14  1:13  Refinery  
  14  1:18  SCV  
  15  1:30  SCV  
  16  1:44  Reaper  
  16  1:45  Orbital Command  
  17  1:57  Supply Depot  
  17  2:10  Factory  
  18  2:15  SCV  
  19  2:26  Reaper  
  19  2:30  SCV  
  20  2:42  SCV  
  21  2:53  Command Center  
  21  2:54  SCV  
  21  2:57  Factory Tech Lab  
  22  3:02  Barracks Reactor  
  22  3:06  SCV  
  22  3:18  SCV  
  23  3:23  Cyclone  
  26  3:28  Supply Depot  
  26  3:30  SCV  
  27  3:39  Marine x2  
  29  3:50  SCV  
  30  3:57  Marine x2  
  30  4:00  Siege Tank  
  30  4:02  SCV  
  35  4:11  Orbital Command  
  35  4:12  Refinery  
  35  4:14  SCV  
  35  4:15  Marine  
  35  4:16  Marine  
  38  4:26  SCV  
  39  4:33  Siege Tank, Marine  
  39  4:35  Starport  
  39  4:38  SCV  
  44  4:40  SCV  
  45  4:45  Supply Depot  
  45  4:50  SCV  
  47  4:52  SCV  
  47  4:58  Marine x2  
  49  5:02  SCV  
  50  5:07  SCV  
  50  5:09  Siege Tank  
  54  5:14  SCV  
  54  5:21  SCV, Marine x2  
  51  5:26  SCV  
  51  5:33  Command Center  
  51  5:35  SCV  
  52  5:39  Marine x2  
  54  5:45  Starport Reactor  
  54  5:48  SCV  
  55  5:55  SCV  
  55  5:56  Refinery  
  55  5:57  Marine x2  
  53  5:59  Factory x2  
  53  6:01  SCV  
  56  6:07  SCV  
  57  6:13  SCV, Supply Depot  
  58  6:20  Siege Tank  
  58  6:35  Viking x2, SCV x2  
  58  6:37  Supply Depot  
  58  6:38  Supply Depot  
  64  6:43  Factory Tech Lab, Command Center  
  64  6:47  SCV x2  
  66  6:57  Engineering Bay  
  66  6:59  SCV x2  
  66  7:00  Hellion x3, Infernal Pre-Igniter  
  74  7:11  Viking, SCV x2  
  74  7:15  Orbital Command  
  78  7:23  SCV x2  
  78  7:28  Armory  
  78  7:29  Refinery, Armory  
  80  7:36  Missile Turret, SCV x2  
  82  7:39  Cyclone  
  82  7:43  Supply Depot  
  83  7:51  Viking x2, Cyclone  
  87  7:52  SCV  
  87  7:54  SCV  
  87  7:56  Refinery  
  87  7:57  SCV  
  92  8:04  Missile Turret  
  91  8:12  SCV x3  
  91  8:21  Terran Ship Weapons Level 1  
  91  8:22  Terran Vehicle Weapons Level 1  
  91  8:23  Sensor Tower  
  91  8:24  SCV x2  
  91  8:25  SCV  
  94  8:27  Command Center  
  94  8:28  Mag-Field Accelerator  
  94  8:29  Cyclone  
  97  8:36  SCV x2  
  97  8:37  SCV  
  97  8:38  Sensor Tower  
  100  8:47  Factory  
  100  8:48  SCV  
  100  8:49  SCV x2  
  100  8:50  Factory  
  100  8:52  Siege Tank  
  100  8:55  Hi-Sec Auto Tracking  
  106  9:00  Refinery  
  106  9:01  SCV x3, Siege Tank  
  106  9:02  Planetary Fortress  
  112  9:04  Refinery  
  112  9:12  Viking  
  112  9:13  SCV x2  
  112  9:15  Supply Depot  
  112  9:16  Supply Depot  
  116  9:28  Starport  
  116  9:29  Missile Turret, Starport  
  116  9:31  SCV  
  116  9:35  Missile Turret  
  116  9:37  Viking, SCV, Siege Tank  
  116  9:38  Factory Tech Lab x2  
  122  9:42  Viking  
  124  9:47  SCV x2, Command Center  
  126  9:54  Missile Turret, SCV  
  126  9:55  Missile Turret  
  126  9:56  Cyclone x3  
  136  10:02  SCV x2  
  136  10:05  Starport Tech Lab  
  136  10:06  Starport Tech Lab  
  138  10:10  Siege Tank  
  138  10:12  SCV  
  138  10:13  Sensor Tower  
  142  10:18  Missile Turret  
  142  10:19  Refinery  
  142  10:23  Terran Ship Weapons Level 2  
  142  10:24  Terran Vehicle Weapons Level 2  
  142  10:27  Missile Turret  
  142  10:28  Siege Tank  
  142  10:31  Cyclone  
  142  10:33  Interference Matrix  
  145  10:38  Supply Depot  
  145  10:39  Supply Depot x2  
  145  10:40  Refinery  
  145  10:58  Missile Turret, Viking x2  
  145  10:59  Viking x2, Cyclone, SCV x2  
  145  11:01  Orbital Command, Missile Turret  
  145  11:02  Command Center  
  158  11:11  Planetary Fortress  
  154  11:18  Cyclone x3  
  163  11:28  Viking x2  
  163  11:29  Command Center  
  167  11:39  Missile Turret x2  
  167  11:40  Siege Tank, Sensor Tower  
  167  11:41  Missile Turret  
  167  11:42  Missile Turret x2, Raven  
  167  11:43  Missile Turret  
  172  11:47  Neosteel Armor  
  172  11:59  Raven  
  172  12:00  Fusion Core  
  171  12:02  Missile Turret  
  170  12:15  Missile Turret  
  170  12:16  Missile Turret  
  170  12:18  Raven  
  170  12:19  Orbital Command  
  172  12:23  Command Center  
  172  12:24  Command Center  
  172  12:27  Command Center, Missile Turret  
  172  12:28  Missile Turret x2  
  172  12:29  Missile Turret  
  172  12:33  Raven  
  172  12:36  Missile Turret  
  174  12:45  Starport  
  174  12:47  Starport  
  174  12:48  Starport x2  
  174  12:50  Starport  
  174  12:59  Refinery  
  174  13:00  Refinery  
  174  13:06  Cyclone x4  
  186  13:15  Advanced Ballistics  
  186  13:17  Terran Vehicle And Ship Armor Level 1  
  186  13:19  Missile Turret  
  186  13:32  Starport Tech Lab x4  
  186  13:36  Orbital Command x2  
  186  13:38  Cyclone x3  
  195  13:48  Viking x5  
  177  13:53  Viking  
  177  13:54  Viking  
  177  13:55  Viking  
  152  13:58  Orbital Command  
  147  14:16  Viking  
  145  14:18  Viking x5  
  145  14:23  Viking  
  149  14:34  Viking  
  149  14:35  Viking  
  135  14:40  Cyclone x2  
  137  14:46  Viking  
  137  14:49  Viking  
  137  14:50  Viking x3  
  122  15:02  Viking  
  122  15:03  Viking  
  122  15:04  Viking  
  122  15:05  Viking  
  104  15:12  SCV  
  90  15:16  Viking  
  83  15:24  Missile Turret  
  83  15:26  Missile Turret  
  83  15:27  Missile Turret x2  
  83  15:28  Missile Turret  
  72  15:29  Missile Turret  
  72  15:38  Starport  
  72  15:39  Starport  
  72  15:40  Starport  
Show
View Real Time Build Order
Export as new Build Order

dawderu Terran - Winner!

Build Orders:  

Get SALT Encoding   

  8  0:00  SCV  
  9  0:12  SCV  
  10  0:24  SCV  
  11  0:31  Supply Depot  
  11  0:36  SCV  
  12  0:49  SCV  
  13  0:56  Barracks  
  13  1:01  SCV  
  14  1:10  Refinery  
  14  1:13  SCV  
  15  1:26  SCV  
  17  1:45  Orbital Command  
  17  1:46  Barracks Tech Lab  
  16  2:04  Command Center  
  16  2:16  Marauder  
  16  2:19  SCV  
  19  2:27  Supply Depot  
  19  2:31  SCV  
  20  2:39  Factory  
  20  2:45  SCV  
  20  2:51  Refinery  
  21  2:57  SCV  
  22  3:17  Orbital Command  
  22  3:18  SCV  
  23  3:20  Refinery  
  23  3:32  Starport  
  23  3:33  SCV  
  23  3:55  Barracks Reactor, SCV x2  
  25  4:06  Siege Tank  
  25  4:07  SCV  
  29  4:11  Viking  
  31  4:19  SCV  
  31  4:23  Fusion Core  
  32  4:25  SCV  
  32  4:31  SCV  
  34  4:37  SCV  
  34  4:38  Barracks Tech Lab  
  35  4:43  SCV  
  36  4:47  Refinery  
  36  4:49  SCV  
  36  4:51  Supply Depot  
  37  4:54  Viking  
  37  4:55  SCV, Viking  
  42  5:13  SCV x2  
  41  5:25  SCV x2  
  37  5:37  SCV x2  
  39  5:49  SCV x2  
  41  5:50  Supply Depot x2  
  41  6:08  SCV  
  42  6:12  SCV, Battlecruiser  
  49  6:20  SCV  
  49  6:24  SCV  
  49  6:32  SCV  
  50  6:39  Weapon Refit  
  50  6:42  Starport  
  50  6:46  Command Center, SCV  
  51  6:48  SCV  
  51  6:49  Refinery  
  52  6:55  Engineering Bay  
  52  6:56  Siege Tank  
  52  6:58  Barracks Tech Lab, SCV  
  52  7:00  SCV  
  57  7:10  SCV  
  58  7:36  Supply Depot  
  58  7:38  Supply Depot  
  58  7:41  SCV x2, Battlecruiser  
  66  7:45  Refinery  
  66  7:58  SCV x2  
  68  7:59  Battlecruiser  
  68  8:00  SCV  
  68  8:03  Command Center  
  75  8:10  SCV x2  
  77  8:16  Planetary Fortress  
  77  8:22  SCV  
  77  8:25  SCV  
  79  8:28  Supply Depot  
  79  8:29  Supply Depot  
  79  8:30  Siege Tank  
  82  8:34  SCV  
  82  8:37  SCV  
  84  8:41  Starport  
  84  8:45  Viking  
  84  8:46  SCV  
  87  8:50  SCV  
  88  8:58  SCV  
  88  8:59  Missile Turret, SCV  
  88  9:01  Missile Turret  
  88  9:02  SCV  
  91  9:07  Battlecruiser  
  97  9:10  SCV  
  97  9:16  SCV  
  99  9:19  Viking x3  
  99  9:21  SCV x2  
  107  9:42  Starport  
  107  9:44  Armory  
  107  9:45  SCV  
  108  9:46  Armory  
  108  9:50  Command Center  
  108  9:51  SCV  
  109  9:53  SCV, Barracks Tech Lab  
  109  9:55  Planetary Fortress  
  109  9:57  SCV  
  109  9:58  Missile Turret, Refinery  
  109  9:59  Refinery  
  111  10:03  SCV, Siege Tank  
  111  10:04  Viking  
  117  10:07  SCV  
  118  10:14  SCV  
  118  10:16  SCV  
  118  10:20  SCV, Viking  
  123  10:22  Missile Turret  
  123  10:26  SCV  
  124  10:55  Command Center  
  124  11:02  Viking x3, SCV x4, Siege Tank  
  137  11:08  Battlecruiser  
  137  11:15  Terran Ship Weapons Level 1  
  137  11:16  Terran Vehicle And Ship Armor Level 1  
  137  11:20  Supply Depot  
  137  11:22  Supply Depot, SCV, Battlecruiser  
  137  11:23  SCV  
  137  11:24  Starport  
  145  11:30  Barracks Tech Lab  
  145  11:35  Refinery  
  145  11:38  Refinery  
  145  11:40  Sensor Tower  
  145  11:42  Viking x2, SCV x2  
  145  11:43  Siege Tank  
  145  11:45  Missile Turret  
  154  11:51  SCV  
  155  12:02  Battlecruiser  
  161  12:13  Viking  
  161  12:14  Battlecruiser  
  161  12:15  Viking  
  171  12:20  SCV x3  
  171  12:22  Command Center  
  174  12:23  Supply Depot x2  
  174  12:25  Battlecruiser  
  174  12:27  Supply Depot, SCV  
  181  12:32  SCV  
  182  12:44  SCV, Siege Tank  
  182  12:45  Battlecruiser, Refinery  
  182  12:47  Viking, Refinery  
  194  12:57  Viking  
  196  13:13  Viking  
  196  13:16  Planetary Fortress  
  196  13:17  Viking  
  200  13:47  Battlecruiser  
  200  13:48  Battlecruiser, Viking  
  199  13:49  Battlecruiser  
  192  13:57  Viking x2  
  192  13:59  Siege Tank  
  199  14:03  Orbital Command  
  199  14:04  Factory  
  199  14:05  Factory  
  199  14:10  Factory  
  182  14:33  Viking x2  
  182  14:34  Viking  
  184  14:45  Siege Tank  
  179  14:51  Viking  
  179  14:52  Viking  
  173  15:03  Viking x2  
  173  15:04  Viking  
Tags
 
Composition
Mech
League
Master
Matchup
TvT
Race
Terran
Spawn Locations
Cross Positions
Add a new tag
Caveats
  • Supply blocks, unpowered buildings, or Contaminate may cause inaccurate times.
  • Supply counts are checked every 10 seconds.